 Dungeon Crawl Stone Soup version 0.31-a0-986-g5e6e4ef867 (webtiles) character file.

Game seed: 12064492469902760148

416 Firecrotchwizard the Ruffian (level 6, 0/63 HPs)
             Began as an Ogre Shapeshifter on Nov 12, 2023.
             Succumbed to a scorpion's poison
             ... on level 4 of the Dungeon.
             The game lasted 00:11:01 (4049 turns).

Firecrotchwizard the Ruffian (Ogre Shapeshifter)    Turns: 4049, Time: 00:11:01

Health: 0/63       AC:  3    Str: 21    XL:     6   Next: 92%
Magic:  6/6        EV:  9    Int: 11    God:
Gold:   293        SH:  0    Dex:  8    Spells: 5/5 levels left

rFire   . .          .
                       - Unarmed
rCold   . . .        (no shield)
rNeg    . . .        a - +0 animal skin
rPois   .            (helmet currently unavailable)
rElec   .            (cloak currently unavailable)
rCorr   .            (gloves unavailable)
SInv    .            (boots unavailable)
Will    .....        (no amulet)
Stlth   +            (no ring)
HPRegen 0.30/turn    (no ring)
MPRegen 0.10/turn

%: no passive effects
@: brilliant, lethally poisoned (0 -> -24), beast-form
A: beast (slay +2), large, unfitting armour, tough skin 1
a: Begin Untransformation


You were on level 4 of the Dungeon.
You were a hulking beast.
You visited 1 branch of the dungeon, and saw 4 of its levels.

You collected 293 gold pieces.

Inventory:

Hand Weapons
 g - a +0 quarterstaff
Missiles
 j - 15 poisoned darts
Armour
 a - a +0 animal skin (worn)
Talismans
 c - a beast talisman
 d - a flux talisman
Wands
 l - a wand of light (6)
Scrolls
 e - 2 scrolls of torment {unknown}
 h - 2 scrolls of teleportation {unknown}
 i - a scroll of vulnerability {unknown}
 k - 2 scrolls of identify {unknown}
 m - a scroll of amnesia {unknown}
 p - a scroll of immolation {unknown}
Potions
 b - 2 potions of lignification
 f - 2 potions of brilliance
 n - a potion of might {unknown}
 o - 2 potions of resistance {unknown}
 q - a potion of haste {unknown}


   Skills:
 + Level 4.5 Fighting
 - Level 1.7 Dodging
 * Level 5.2 Unarmed Combat
 + Level 4.3 Shapeshifting


You had 5 spell levels left.
You didn't know any spells.
Your spell library contained the following spells:

 Spells                   Type           Power      Damage    Failure   Level
 Sting                    Tmut/Pois      0%         1d3       34%         1
 Ensorcelled Hibernation  Hex/Ice        0%         N/A       47%         2
 Passwall                 Tmut/Erth      0%         N/A       47%         2
 Poisonous Vapours        Pois/Air       0%         N/A       47%         2
 Swiftness                Air            0%         N/A       71%         3
 Olgreb's Toxic Radiance  Pois           0%         N/A       98%         4


Dungeon Overview and Level Annotations

Branches:
Dungeon (4/15)
 Temple: D:4-7

Altars:
Kikubaaqudgha
Makhleb
Qazlal
Uskayaw
Xom
Yredelemnul

Annotations:
D:2 Natasha, Robin


Innate Abilities, Weirdness & Mutations

You are a hulking beast.
Your limbs bulge with bestial killing power. (Slay +2)
You are too large for most types of armour.
You have tough skin. (AC +1)


Message History

You open the door.
There is an open door here.
Found 4 stones.
A goblin comes into view. It is wielding a +0 dagger.
Found 6 stones.
The goblin shouts!
A goblin is nearby!
No reachable target in view!
No reachable target in view!
No reachable target in view!
The goblin hits the plant with a +0 dagger.
The plant begins to die.
The goblin hits the plant with a +0 dagger.
The goblin hits the plant with a +0 dagger.
The goblin hits the plant with a +0 dagger.
The goblin hits the plant with a +0 dagger.
A nearby plant withers and dies.
You closely miss the goblin. The goblin hits you with a +0 dagger.
You hit the goblin.
You kill the goblin!
No target in view!
You see here a +0 dagger.
You see here 4 stones.
A giant cockroach comes into view.
You closely miss the giant cockroach. The giant cockroach bites you.
You barely miss the giant cockroach.
The giant cockroach completely misses you.
You barely miss the giant cockroach. The giant cockroach bites you.
You hit the giant cockroach.
You kill the giant cockroach!
No target in view!
You see here a giant cockroach corpse.
You see here a giant cockroach corpse.
j - 15 poisoned darts (gained 4)
f - 3 puce potions (gained 2)
A scorpion comes into view.
A kobold comes into view. It is wielding a +0 dagger.
The kobold barely misses you.
You closely miss the scorpion. The kobold barely misses you.
The scorpion stings you.
You are poisoned.
The scorpion poisons you!
You barely miss the scorpion.
You feel sick. The kobold misses you. The scorpion stings you.
You are more poisoned.
The scorpion poisons you!
You hit the scorpion but do no damage.
You feel very sick. The kobold closely misses you. The scorpion stings you.
You are more poisoned.
The scorpion poisons you!
You feel very sick.
You feel very sick.
The scorpion stings you but does no damage.
You feel very sick. The scorpion attacks as it pursues you!
The scorpion barely misses you.
Aiming: Bolt of Light
Press: ? - help, Shift-Dir - straight line, f - scorpion
Aim: a scorpion (71% to hit)
The bolt of light hits the scorpion!
The scorpion is heavily wounded.
The scorpion is blinded.
You feel very sick. The scorpion stings you.
* * * LOW HITPOINT WARNING * * *
You are too injured to fight recklessly!
You hit the scorpion but do no damage.
The scorpion is heavily wounded.
You feel sick.
The scorpion stings you but does no damage.
You hit the scorpion but do no damage.
The scorpion is heavily wounded.
You feel sick. The scorpion stings you.
* * * LOW HITPOINT WARNING * * *
You barely miss the scorpion.
The scorpion is heavily wounded.
You feel sick. The scorpion barely misses you.
You barely miss the scorpion.
The scorpion is heavily wounded.
You feel sick. The scorpion stings you.
* * * LOW HITPOINT WARNING * * *
You are lethally poisoned!
The scorpion poisons you!
You catch the helpless scorpion completely off-guard!
You hit the scorpion.
The scorpion is severely wounded.
* * * LOW HITPOINT WARNING * * *
You feel very sick. The scorpion barely misses you.
You hit the scorpion.
The scorpion is severely wounded.
* * * LOW HITPOINT WARNING * * *
You feel very sick. The scorpion stings you.
* * * LOW HITPOINT WARNING * * *
You are more poisoned.
The scorpion poisons you!
It was a potion of brilliance.
You feel clever all of a sudden.
You die...

##### ....##
##.....##
##.......#
####......... #
#.........#..
#.#.##.........
#.#.###.......#
#...hsK......##
###.#####......
#.# ###### #.#
#.# #.# #.# #.#
#.########


You could see a scorpion (blind) and a kobold.

Vanquished Creatures
  A black bear (D:4)
  A phantom (D:4)
  A scorpion (D:3)
  A hound (D:3)
  Natasha (D:2)
  6 adders
  3 worms (D:2)
  2 orcs (D:3)
  4 bats
  2 endoplasms (D:3)
  7 giant cockroaches
  9 goblins
  9 hobgoblins
  6 jackals
  7 quokkas
  5 ball pythons
  6 frilled lizards
  8 kobolds
  4 rats
83 creatures vanquished.

Notes
Turn   | Place    | Note
-------+----------+-------------------------------------------
     0 | D:1      | Firecrotchwizard the Ogre Shapeshifter began the quest for
                  | the Orb.
     0 | D:1      | Reached XP level 1. HP: 19/19 MP: 1/1
   251 | D:1      | Reached XP level 2. HP: 20/28 MP: 2/2
   252 | D:1      | Reached skill level 3 in Unarmed Combat
   855 | D:1      | Reached XP level 3. HP: 35/35 MP: 3/3
  1345 | D:2      | Noticed Robin
  1383 | D:2      | Noticed Natasha
  1402 | D:2      | Killed Natasha
  1403 | D:2      | Reached XP level 4. HP: 8/44 MP: 4/4
  1852 | D:2      | Noticed Natasha
  2280 | D:3      | Found a burning altar of Makhleb.
  2300 | D:3      | Found a basalt altar of Yredelemnul.
  2337 | D:3      | Reached skill level 4 in Unarmed Combat
  2504 | D:3      | Reached XP level 5. HP: 48/53 MP: 5/5
  2525 | D:3      | Found a hide-covered altar of Uskayaw.
  2560 | D:3      | Found a stormy altar of Qazlal.
  3268 | D:3      | Reached XP level 6. HP: 48/62 MP: 6/6
  3576 | D:4      | Noticed a black bear
  3583 | D:4      | Killed a black bear
  3584 | D:4      | Reached skill level 5 in Unarmed Combat
  3782 | D:4      | Found a shimmering altar of Xom.
  3782 | D:4      | Found an ancient bone altar of Kikubaaqudgha.
  4049 | D:4      | Succumbed to a scorpion's poison

Illustrated notes

Levels and vault maps discovered:
D:1:      amcnicky_arrival_gap_in_the_tavern_cellar, layout_loops_ring,
          minmay_misc_feat_cross, minmay_shallow_snake_nest
D:2:      minmay_evil_eye, layout_rooms, uniq_robin, uniq_natasha
D:3:      layout_loops_cross, amcnicky_altar_gilded,
          mainiacjoe_overflow_two_lobes, bloody_makhleb
D:4:      cheibrodos_old_hovel, layout_loops_ring, jmf_multi_god_temple

Skill      XL: |  1  2  3  4  5  6 |
---------------+-------------------+-----
Unarmed Combat | 3 4 5 |  5.2
Fighting       | 2 3 4 |  4.5
Shapeshifting  | 4 |  4.3
Dodging        | |  1.7

Action                     |  1- 3 |  4- 6 || total
---------------------------+-------+-------++-------
  Melee: Unarmed           |    51 |   192 ||   243
         Quarterstaff      |    38 |     8 ||    46
         Punch             |       |     4 ||     4
  Evoke: Wand              |       |     2 ||     2
    Use: Potion            |       |     1 ||     1
   Stab: Sleeping          |       |     1 ||     1
         Invisible         |       |     1 ||     1
 Armour: Animal skin       |    59 |   156 ||   215
  Dodge: Dodged            |    42 |   103 ||   145

Table legend: (Time is in decaauts)
 A = Elapsed time spent in this place.
 B = Non-inter-level travel time spent in this place.
 C = Inter-level travel time spent in this place.
 D = Time resting spent in this place.
 E = Time spent auto-exploring this place.
 F = Levels seen in this place.
 G = Mean time per level.
                   A        B        C        D        E       F      G
               +--------+--------+--------+--------+--------+-----+--------+
         Total |   4051 |   3859 |    192 |    757 |   2393 |   4 | 1012.8 |
       Dungeon |   4051 |   3859 |    192 |    757 |   2393 |   4 | 1012.8 |
               +--------+--------+--------+--------+--------+-----+--------+

Top non-repeatable levels by time:
     D:1: 1462 daAuts
     D:3: 1148 daAuts
     D:2: 831 daAuts
     D:4: 608 daAuts
